 Dungeon Crawl Stone Soup version 0.23.2-40-g277498a001 (webtiles) character file.

Game seed: 10712562306068418006

19 Descartes the Charmwright (level 2, -1/23 HPs)
             Began as a Formicid Skald on Aug 13, 2019.
             Succumbed to a kobold's poison
             ... on level 1 of the Dungeon.
             The game lasted 00:01:21 (543 turns).

Descartes the Charmwright (Formicid Skald)           Turns: 543, Time: 00:01:21

Health: -1/23      AC:  3    Str: 15    XL:     2   Next: 95%
Magic:  5/5        EV: 12    Int: 12    God:
Gold:   61         SH:  0    Dex: 10    Spells: 2/5 levels left

rFire    . . .     SeeInvis +   a - +0 hand axe
rCold    . . .     Gourm    .   (no shield)
rNeg     . . .     Faith    .   b - +0 leather armour
rPois    .         Spirit   .   (helmet unavailable)
rElec    .         Reflect  .   (no cloak)
rCorr    .         Harm     .   (no gloves)
MR       .....                  (no boots)
Stlth    +.........             (no amulet)
HPRegen  0.07/turn              (no ring)
MPRegen  0.09/turn              (no ring)

@: lethally poisoned (-1 -> -30)
A: permanent stasis, dig shafts and tunnels, four strong arms, antennae 3
a: Dig, Shaft Self


You were on level 1 of the Dungeon.
You were not hungry.

You visited 1 branch of the dungeon, and saw 1 of its levels.

You collected 61 gold pieces.

Inventory:

Hand Weapons
 a - a +0 hand axe (weapon)
Missiles
 c - 2 stones
 h - 6 tomahawks of dispersal (quivered)
Armour
 b - a +0 leather armour (worn)
Scrolls
 e - 4 scrolls of identify {unknown}
 g - a scroll of fear {unknown}
 i - 2 scrolls of teleportation {unknown}
Comestibles
 d - 2 rations
 f - 6 chunks of flesh


   Skills:
 + Level 2.5 Fighting
 + Level 2.2 Axes
 + Level 1.4 Armour
 + Level 2.0 Dodging
 + Level 2.4 Spellcasting
 + Level 3.1 Charms


You had 2 spell levels left.
You knew the following spells:

 Your Spells              Type           Power        Failure   Level  Hunger
a - Song of Slaying       Chrm           #.......     14%         2    ###....
b - Infusion              Chrm           #...         9%          1    ##.....

Your spell library contained the following spells:

 Spells                   Type           Power        Failure   Level  Hunger
 Shroud of Golubria       Chrm/Tloc      #.........   26%         2    ###....
 Regeneration             Chrm/Necr      #.........   45%         3    ####...
 Spectral Weapon          Hex/Chrm       #.......     45%         3    ####...


Dungeon Overview and Level Annotations

Branches:
Dungeon (1/15)

Altars:


Innate Abilities, Weirdness & Mutations

You cannot be hasted, slowed, berserked, paralysed or teleported.
You can dig through walls and to a lower floor.
Your four strong arms can wield two-handed weapons with a shield.
You have a pair of large antennae on your head. (SInv)


Message History

You closely miss the kobold.
You feel sick. The kobold completely misses you.
You closely miss the kobold.
You feel sick. The kobold barely misses you.
You hit the kobold.
The kobold is severely wounded.
You feel sick. The kobold hits you but does no damage.
You are more poisoned.
The kobold hits you but does no damage.
You are more poisoned.
You hit the kobold.
You kill the kobold!
You feel very sick.
You barely miss the hobgoblin.
* * * LOW HITPOINT WARNING * * *
You feel very sick. The hobgoblin closely misses you.
You hit the hobgoblin.
You kill the hobgoblin!
* * * LOW HITPOINT WARNING * * *
You feel very sick.
You die...

#......##........# #.###.# #
#......##........# ... #.# #
#......##........# ...###.# ##
#........).......# ....#...#####.
#..............(.# ....=#.......
#...........####.#....##...#####.
........รท...# #.#....###.##...##
#######.....# #.#..#.##.........
###........# #@#..#.# #.......
#......#.######.#..#.# #.......
##.#.####.#.#....#....# #.......
...#......#.#.#####...####.......
#..........#.##.................
{#.......##.#.........#....).....
.#######.#........##.>#.#........
.........########...#.#.##.......
########## ###.#.#.....#.###


There were no monsters in sight!

Vanquished Creatures
  A ball python (D:1)
  3 bats (D:1)
  2 giant cockroaches (D:1)
  A goblin (D:1)
  2 hobgoblins (D:1)
  3 jackals (D:1)
  2 frilled lizards (D:1)
  3 kobolds (D:1)
  A rat (D:1)
18 creatures vanquished.

Notes
Turn   | Place    | Note
-------+----------+-------------------------------------------
     0 | D:1      | Descartes the Formicid Skald began the quest for the Orb.
     0 | D:1      | Reached XP level 1. HP: 16/16 MP: 3/3
    85 | D:1      | Reached XP level 2. HP: 9/23 MP: 0/5
    92 | D:1      | Learned a level 2 spell: Song of Slaying
   542 | D:1      | HP: 1/23 [poisoned by a kobold]
   543 | D:1      | Succumbed to a kobold's poison

Skill      XL: |  1  2 |
---------------+-------+-----
Dodging        | 2 |  2.0
Fighting       | |  2.5
Axes           | |  2.2
Armour         | |  1.4
Spellcasting   | |  2.4
Charms         | |  3.1

Action                   || total
-------------------------++-------
Melee: Hand axe          ||    64
 Cast: Infusion          ||     1
Armor: Leather armour    ||    26
Dodge: Dodged            ||    39
